 Dungeon Crawl Stone Soup version 0.29-a0-416-g83a48905f1 (webtiles) character file.

Game seed: 10761584020232257719

176 YayAnonymity the Chopper (level 5, 0/47 HPs)
             Began as a Hill Orc Fighter on May 17, 2022.
             Slain by a gnoll
             ... wielding a +0 halberd
             ... led by a gnoll shaman
              (5 damage)
             ... on level 3 of the Dungeon.
             The game lasted 00:02:57 (2200 turns).

YayAnonymity the Chopper (Hill Orc Fighter)         Turns: 2200, Time: 00:02:57

Health: 0/47       AC:  6    Str: 21    XL:     5   Next: 56%
Magic:  5/5        EV:  9    Int:  8    God:
Gold:   150        SH:  9    Dex: 10    Spells: 4/4 levels left

rFire   . . .      SeeInvis .   o - +2 whip (freeze)
rCold   . . .      Faith    .   c - +0 buckler
rNeg    . . .      Spirit   .   b - +0 scale mail
rPois   .          Reflect  +   (no helmet)
rElec   .          Harm     .   (no cloak)
rCorr   .          Rampage  .   (no gloves)
Will    .....                   (no boots)
Stlth   ..........              n - amulet of reflection
HPRegen 0.15/turn               (no ring)
MPRegen 0.09/turn               (no ring)

@: no status effects
A: no striking features
a: no special abilities


You were on level 3 of the Dungeon.
You visited 1 branch of the dungeon, and saw 3 of its levels.

You collected 150 gold pieces.

Inventory:

Hand Weapons
 a - a +0 war axe
 o - a +2 whip of freezing (weapon)
Missiles
 q - 6 javelins (quivered)
Armour
 b - a +0 scale mail (worn)
 c - a +0 buckler (worn)
Jewellery
 n - an amulet of reflection (around neck)
Scrolls
 e - a scroll of amnesia {unknown}
 f - a scroll of immolation {unknown}
 g - a scroll of fear {unknown}
 i - 2 scrolls of enchant armour {unknown}
 j - 4 scrolls of identify {unknown}
 k - a scroll of summoning {unknown}
 m - a scroll of magic mapping {unknown}
 p - a scroll of fog {unknown}
 s - a scroll of torment {unknown}
Potions
 d - a potion of might
 h - a potion of resistance {unknown}
 l - a potion of ambrosia {unknown}
 r - a potion of brilliance {unknown}


   Skills:
 + Level 4.8 Fighting
 * Level 5.9 Axes
 - Level 3.2 Armour
 - Level 4.0 Shields


You had 4 spell levels left.
You didn't know any spells.
Your spell library was empty.

Dungeon Overview and Level Annotations

Branches:
Dungeon (3/15)

Altars:

Annotations:
D:3 Jessica


Message History

Jessica the Apprentice Sorceress comes into view.
She is wielding a +0 dagger and wearing a +2 robe of willpower.
Jessica shouts!
You hit the hobgoblin. You freeze the hobgoblin.
The hobgoblin is almost dead.
The hobgoblin hits you.
You closely miss the hobgoblin.
The hobgoblin is almost dead.
The hobgoblin hits you but does no damage.
Jessica mumbles some strange words.
Jessica blinks!
You whack the hobgoblin! You freeze the hobgoblin.
You kill the hobgoblin!
The gnoll barely misses you. The gnoll hits you with a +0 halberd!
You hit the gnoll but do no damage. The gnoll hits you with a +0 halberd.
You closely miss the gnoll. You block the gnoll's attack.
You hit the gnoll. You freeze the gnoll.
The gnoll is moderately wounded.
You block the gnoll's attack.
You hit the gnoll but do no damage.
The gnoll is moderately wounded.
The gnoll hits you with a +0 halberd.
You closely miss the gnoll.
The gnoll is moderately wounded.
The gnoll hits you with a +0 halberd.
You hit the gnoll. You freeze the gnoll.
The gnoll is severely wounded.
The gnoll hits you with a +0 halberd!
You are too injured to fight recklessly!
You are too injured to fight recklessly!
You are too injured to fight recklessly!
Sorry, you're not good enough to have a special ability.
You completely miss the gnoll.
The gnoll is severely wounded.
The gnoll hits you with a +0 halberd!
* * * LOW HITPOINT WARNING * * *
You hit the gnoll. You freeze the gnoll.
The gnoll is almost dead.
Jessica completely misses you. The gnoll hits you with a +0 halberd.
You die...

###### .. ...# .....#
.##..# # ####.# .
..... ... ..##.#
#...##..####...#
#.##.# ...[..........#
#.##.# ##.####.......#
.....# ........#####.#
#.#### #.#.###@# #.#
#.##@# ..# ## #.#g#
.## #.## ##..# .
.#######.## ##.#.#....
..........###....'....
.#########.#..####....
...# ##..## #.... .#.#
##.# #... .#.# ..# #..


You could see a gnoll and Jessica.

Vanquished Creatures
  A gnoll shaman (D:2)
  An adder (D:2)
  8 gnolls
  A worm (D:2)
  3 dart slugs
  3 ball pythons
  4 endoplasms
  A giant cockroach (D:1)
  7 goblins
  2 hobgoblins
  2 quokkas (D:1)
  10 bats
  3 frilled lizards
  5 kobolds
  3 rats
54 creatures vanquished.

Notes
Turn   | Place    | Note
-------+----------+-------------------------------------------
     0 | D:1      | YayAnonymity the Hill Orc Fighter began the quest for the
                  | Orb.
     0 | D:1      | Reached XP level 1. HP: 19/19 MP: 1/1
   103 | D:1      | Found a faded altar of an unknown god.
   153 | D:1      | Reached skill level 3 in Axes
   200 | D:1      | Reached XP level 2. HP: 27/27 MP: 2/2
   475 | D:1      | Reached XP level 3. HP: 20/33 MP: 3/3
   597 | D:1      | Reached skill level 4 in Axes
  1010 | D:2      | Reached XP level 4. HP: 40/40 MP: 4/4
  1923 | D:2      | Reached skill level 5 in Axes
  1956 | D:3      | Reached XP level 5. HP: 40/47 MP: 5/5
  2186 | D:3      | Noticed Jessica
  2200 | D:3      | Slain by a gnoll

Illustrated notes

Levels and vault maps discovered:
D:1:      scummos_arrival_checkerplants, layout_loops_ring,
          chequers_ecumenical_altar_simple
D:2:      layout_basic
D:3:      layout_loops_corners, okawaru_metal_pillars_3, minmay_cupped,
          uniq_ijyb, uniq_terence, uniq_jessica

Skill      XL: |  1  2  3  4 |
---------------+-------------+-----
Axes           | 3 4 5 |  5.9
Fighting       | 4 |  4.8
Shields        | 4 |  4.0
Armour         | |  3.2

Action                   |  1- 3 |  4- 6 || total
-------------------------+-------+-------++-------
Melee: War axe           |    62 |       ||    62
       Whip              |    19 |   106 ||   125
Armor: Scale mail        |    36 |    23 ||    59
Dodge: Dodged            |    31 |    39 ||    70
Block: Buckler           |    22 |    50 ||    72
       Reflection        |     1 |       ||     1

Table legend: (Time is in decaauts)
 A = Elapsed time spent in this place.
 B = Non-inter-level travel time spent in this place.
 C = Inter-level travel time spent in this place.
 D = Time resting spent in this place.
 E = Time spent auto-exploring this place.
 F = Levels seen in this place.
 G = Mean time per level.
                   A        B        C        D        E       F      G
               +--------+--------+--------+--------+--------+-----+--------+
         Total |   2223 |   2176 |     47 |      4 |   1716 |   3 |  741.0 |
       Dungeon |   2223 |   2176 |     47 |      4 |   1716 |   3 |  741.0 |
               +--------+--------+--------+--------+--------+-----+--------+

Top non-repeatable levels by time:
     D:2: 1053 daAuts
     D:1: 807 daAuts
     D:3: 362 daAuts
